 Dungeon Sprint DCSS version 0.21-a0-274-gc1afaeb (webtiles) character file.

14 potatolord6000 the Chopper (level 2, 0/28 HPs)
             Began as a Hill Orc Monk on Sept 18, 2017.
             Was a Priest of Beogh.
             Slain by a jackal (3 damage)
             ... in the Dungeon (Sprint VII: "The Pits").
             The game lasted 00:00:37 (221 turns).

potatolord6000 the Chopper (Hill Orc Monk)           Turns: 221, Time: 00:00:40

Health: 0/28       AC:  2    Str: 13    XL:     2   Next: 41%
Magic:  3/3        EV: 13    Int: 10    God:    Beogh [***...]
Gold:   0          SH:  0    Dex: 13    Spells: 1/1 levels left

rFire    . . .     SeeInvis .   j - +2 hand axe
rCold    . . .     Gourm    .   (no shield)
rNeg     . . .     Faith    .   b - +0 robe
rPois    .         Spirit   .   (no helmet)
rElec    .         Reflect  .   (no cloak)
rCorr    .         Harm     .   (no gloves)
MR       .....     NoTele   +   (no boots)
Stlth    ++........             (no amulet)
HPRegen  0.09/turn              (no ring)
MPRegen  0.08/turn              (no ring)

@: no status effects
A: no striking features
a: Smiting, Renounce Religion


You were in the Dungeon.
You worshipped Beogh.
Beogh was most pleased with you.
You were not hungry.

You visited 1 branch

Inventory:

Hand Weapons
 j - a +2 hand axe (weapon)
Armour
 b - a +0 robe (worn)
Scrolls
 i - a scroll of blinking
 k - 3 scrolls of remove curse
 l - 5 scrolls of amnesia
 m - a scroll of summoning
Potions
 a - 2 potions of invisibility
 d - a potion of curing
 e - a potion of heal wounds
 f - a potion of haste
 g - 4 potions of magic
 h - 3 potions of berserk rage
Comestibles
 c - 8 bread rations
 n - 40 fruits
 o - 7 meat rations


   Skills:
 + Level 4.5 Fighting
 + Level 5.0 Axes
 + Level 2.5 Armour
 - Level 2.4 Dodging
 - Level 1.5 Stealth
 + Level 2.5 Invocations


You had one spell level left.
You didn't know any spells.

Dungeon Overview and Level Annotations

Branches:
Dungeon (1/1)

Altars:
Ashenzari
Cheibriados
Dithmenos
Elyvilon
Fedhas
Gozag
Hepliaklqana
Kikubaaqudgha
Makhleb
Nemelex Xobeh
Okawaru
Qazlal
Ru
Sif Muna
Trog
Uskayaw
Vehumet
Wu Jian
Xom
Yredelemnul
Zin
The Shining One
Beogh
Jiyva
Lugonu


Message History

The orc barely misses you. The river rat closely misses you.
The jackal bites you. x2
* * * LOW HITPOINT WARNING * * *
The jackal bites you.
* * * LOW HITPOINT WARNING * * *
The jackal completely misses you. The orc hits you but does no damage.
You hit the jackal.
You kill the jackal!
Beogh accepts your kill.
Your Axes skill increases to level 5!
You hit the jackal.
You kill the jackal!
Beogh accepts your kill.
You barely miss the jackal. You barely miss the orc. You hit the jackal.
You hit the river rat. Beogh blesses you with reinforcements.
The jackal closely misses you. The jackal bites you.
* * * LOW HITPOINT WARNING * * *
The river rat barely misses you. The jackal bites you.
You die...

#.........†.'...........
#+#####'#####......#..#.
#.....# #...........
#...).# ####'#####++
###'### #.......#
#.....# #.......#
#...o.# #.......#
####o##+###...<...#
#..oo@ho.##.......#
#..orho..##.......#
###########.......#
#########


You could see a river rat, an orc, 2 jackals, a friendly orc priest, 3 friendly
orc wizards and 2 friendly orcs.

Vanquished Creatures
  An ooze (D)
  A leopard gecko (D)
  A bat zombie (D)
  3 jackals (D)
  A ball python skeleton (D)
  A goblin (D)
8 creatures vanquished.

Notes
Turn   | Place    | Note
-------+----------+-------------------------------------------
     0 | D        | potatolord6000 the Hill Orc Monk began the quest for the Orb.
     0 | D        | Reached XP level 1. HP: 19/19 MP: 1/1
    20 | D        | Reached skill level 1 in Armour
    52 | D        | Found a bloodstained altar of Trog.
    52 | D        | Found a deep blue altar of Sif Muna.
    52 | D        | Found a viscous altar of Jiyva.
    52 | D        | Found a hazy altar of Hepliaklqana.
    52 | D        | Found an opulent altar of Gozag.
    53 | D        | Found a glowing golden altar of the Shining One.
    53 | D        | Found a glowing silver altar of Zin.
    53 | D        | Found a basalt altar of Yredelemnul.
    53 | D        | Found a shimmering altar of Xom.
    53 | D        | Found an ornate altar of the Wu Jian Council.
    53 | D        | Found a sacrificial altar of Ru.
    53 | D        | Found a stormy altar of Qazlal.
    53 | D        | Found an iron altar of Okawaru.
    53 | D        | Found a sparkling altar of Nemelex Xobeh.
    53 | D        | Found a burning altar of Makhleb.
    53 | D        | Found a blossoming altar of Fedhas.
    53 | D        | Found a white marble altar of Elyvilon.
    53 | D        | Found a shadowy altar of Dithmenos.
    53 | D        | Found a snail-covered altar of Cheibriados.
    56 | D        | Found a corrupted altar of Lugonu.
    56 | D        | Found a radiant altar of Vehumet.
    56 | D        | Found a roughly hewn altar of Beogh.
    57 | D        | Found an ancient bone altar of Kikubaaqudgha.
    57 | D        | Found a hide-covered altar of Uskayaw.
    57 | D        | Found a shattered altar of Ashenzari.
    65 | D        | Became a worshipper of Beogh the Brigand
    65 | D        | Reached * piety under Beogh
    65 | D        | Reached ** piety under Beogh
    87 | D        | Reached skill level 1 in Invocations
   157 | D        | Reached XP level 2. HP: 21/27 MP: 3/3
   157 | D        | Reached *** piety under Beogh
   221 | D        | Reached skill level 5 in Axes
   221 | D        | Slain by a jackal

Vault maps used:
D:        pitsprint

Skill      XL: |  1  2 |
---------------+-------+-----
Armour         | 2 |  2.5
Fighting       | 4 |  4.5
Invocations    | 2 |  2.5
Axes           | 5 |  5.0
Dodging        | |  2.4
Stealth        | |  1.5

Action                   || total
-------------------------++-------
Melee: Hand axe          ||    18
Armor: Robe              ||    12
Dodge: Dodged            ||    31

Table legend:
 A = Spawn XP
 B = Non-spawn XP
 C = Spawn XP percentage of total XP
 D = Spawn monster count
 E = Non-spawn monster count
 F = Spawn count percentage of total count
 G = Total turns spent on level
                    A         B        C        D         E        F      G
               +---------+---------+-------+---------+---------+-------+---------
         Total |       0 |      20 |   0.0 |       0 |       8 |   0.0 |   221
               +---------+---------+-------+---------+---------+-------+---------
             D |       0 |      20 |   0.0 |       0 |       8 |   0.0 |   221
               +---------+---------+-------+---------+---------+-------+---------
